Map: Ulrena

Players

LilDicky - Winner!

  • Race: Terran Terran
  • League: Platinum

LucKiar

  • Race: Terran Terran
  • League: Platinum

VOD

http://www.twitch.tv/tumescentpie

Description

Time

  • Played on: Nov. 20, 2015, 11:44 p.m.
  • Length: 6:38
Show
View Real Time Build Order
Export as new Build Order

LilDicky Terran - Winner!

Build Orders: Banshee Rush 

Get SALT Encoding   

  12  0:01  SCV  
  13  0:13  SCV  
  14  0:17  Supply Depot  
  14  0:25  SCV  
  15  0:36  Refinery  
  15  0:39  SCV  
  16  0:45  Barracks  
  16  0:51  SCV  
  17  1:05  SCV  
  18  1:15  Refinery  
  18  1:17  SCV  
  19  1:29  SCV  
  20  1:36  Marine  
  20  1:39  Factory  
  21  1:42  Orbital Command  
  21  1:50  Supply Depot  
  21  1:54  Marine  
  22  2:09  SCV  
  22  2:12  Marine  
  24  2:21  SCV  
  25  2:33  SCV  
  25  2:34  Factory Tech Lab  
  25  2:35  Starport  
  25  2:36  Marine  
  27  2:45  SCV  
  27  2:48  Supply Depot  
  28  2:53  Siege Tank  
  31  2:59  Supply Depot  
  31  3:10  SCV, Marine  
  33  3:21  Starport Tech Lab  
  33  3:23  SCV  
  34  3:27  Marine  
  34  3:32  Siege Tank  
  38  3:35  SCV  
  38  3:37  Supply Depot  
  38  3:39  Banshee  
  42  3:43  Cloaking Field  
  42  3:51  Marine  
  43  4:16  Marine  
  41  4:38  Marine  
  42  4:47  Banshee  
  45  4:58  Siege Tank  
  47  5:14  Barracks x2  
  47  5:25  Command Center  
  47  5:31  Banshee  
  47  5:40  Barracks  
  47  5:56  Marine  
  47  5:57  SCV, Siege Tank  
  52  5:58  Supply Depot  
  52  5:59  Supply Depot  
  52  6:01  Engineering Bay  
  52  6:04  Command Center  
Show
View Real Time Build Order
Export as new Build Order

LucKiar Terran 

Build Orders: Command Center First (CC) 

Get SALT Encoding   

  12  0:41  SCV  
  13  0:53  SCV  
  14  0:58  Supply Depot  
  14  1:05  SCV  
  15  1:15  Command Center  
  15  1:20  SCV  
  16  1:29  Barracks  
  16  1:32  SCV  
  17  1:37  Barracks  
  17  1:42  Refinery  
  17  1:44  SCV  
  18  1:57  SCV  
  19  2:17  Marine  
  20  2:22  Bunker  
  20  2:25  Orbital Command  
  20  2:30  Marine  
  20  2:31  Refinery  
  20  2:34  Orbital Command  
  21  2:51  Marine x2  
  22  2:53  SCV  
  24  3:03  Factory  
  24  3:09  Marine  
  25  3:15  SCV, Barracks Tech Lab  
  26  3:20  SCV  
  27  3:27  Engineering Bay  
  27  3:28  Marine  
  27  3:33  SCV  
  29  3:35  SCV  
  29  3:37  Marine  
  31  3:45  SCV  
  32  3:55  SCV  
  33  3:57  SCV  
  34  4:03  Missile Turret  
  34  4:04  Missile Turret  
  33  4:15  SCV x2  
  35  4:19  Factory Tech Lab, Starport  
  35  4:20  Marine x2  
  37  4:24  Stimpack  
  37  4:27  SCV  
  38  4:44  SCV  
  38  4:48  Bunker  
  38  5:06  Supply Depot  
  38  5:10  Marine  
  38  5:18  SCV  
  38  5:21  SCV  
  38  5:27  Siege Tank  
  38  5:30  SCV  
  38  5:33  SCV  
  39  5:41  Marine x2  
  39  5:42  SCV  
  42  5:43  Viking  
  42  5:45  SCV  
  45  5:54  SCV  
  46  5:57  Refinery  
  46  5:58  SCV  
  46  6:12  SCV x2, Marine x2  
Tags
 
Add a new tag
Caveats
  • Supply blocks, unpowered buildings, or Contaminate may cause inaccurate times.
  • Supply counts are checked every 10 seconds.